 Dungeon Crawl Stone Soup version 0.27.1-35-g4d5d836560 (webtiles) character file.

Game seed: 1329857872800758339

7 cbfl8 the Sneak (level 1, 0/20 HPs)
             Began as a Minotaur Delver on Mar 26, 2022.
             Succumbed to a scorpion's poison
             ... on level 5 of the Dungeon.
             The game lasted 00:00:19 (70 turns).

cbfl8 the Sneak (Minotaur Delver)                     Turns: 70, Time: 00:00:19

Health: 0/20       AC:  3    Str: 16    XL:     1   Next: 91%
Magic:  0/0        EV: 11    Int:  7    God:
Gold:   6          SH:  0    Dex: 11    Spells: 0/0 levels left

rFire    . . .     SeeInvis .   a - +0 hand axe
rCold    . . .     Faith    .   (no shield)
rNeg     . . .     Spirit   .   b - +0 leather armour
rPois    .         Reflect  .   (helmet restricted)
rElec    .         Harm     .   (no cloak)
rCorr    .         Rampage  .   (no gloves)
Will     .....                  (no boots)
Stlth    ++........             (no amulet)
HPRegen  0.06/turn              (no ring)
MPRegen  0.07/turn              (no ring)

@: lethally poisoned (0 -> -7)
A: horns 2, retaliatory headbutt
a: no special abilities


You were on level 5 of the Dungeon.
You visited 1 branch of the dungeon, and saw 1 of its levels.

You collected 6 gold pieces.

Inventory:

Hand Weapons
 a - a +0 hand axe (weapon)
Armour
 b - a +0 leather armour (worn)
Wands
 g - a wand of digging (3)
Scrolls
 c - a scroll of fog
 e - a scroll of fear
Potions
 f - a potion of haste


   Skills:
 + Level 3.7 Fighting
 + Level 2.5 Axes
 + Level 2.2 Dodging
 + Level 4.3 Stealth


You couldn't memorise any spells.
You didn't know any spells.
Your spell library was empty.

Dungeon Overview and Level Annotations

Branches:
Dungeon (5/15)
 Temple: D:4-7

Altars:


Innate Abilities, Weirdness & Mutations

You have a pair of horns on your head.
You reflexively headbutt those who attack you in melee.


Message History

The bosom of this dungeon contains the legendary artefact, the Orb of Zot.
Press ? for a list of commands and other information.
Found a stone staircase leading down.
As you read the scroll of magic mapping, it crumbles to dust.
You feel aware of your surroundings.
Found a stone staircase leading up.
There is a stone staircase leading up here.
Found 6 gold pieces.
Found 18 gold pieces.
You now have 6 gold pieces.
A scorpion comes into view.
Found 8 sling bullets.
A shadow imp comes into view.
Found a runed peridot ring.
The shadow imp shouts!
The shadow imp barely misses you. You furiously retaliate!
You headbutt the shadow imp, but do no damage.
You hit the shadow imp. Your headbutt misses the shadow imp.
The shadow imp is lightly wounded.
The shadow imp hits you but does no damage.
You hit the shadow imp. Your headbutt misses the shadow imp.
The shadow imp is heavily wounded.
You closely miss the scorpion. The scorpion stings you!
The shadow imp barely misses you. The scorpion barely misses you.
You hit the shadow imp.
You kill the shadow imp!
You hit the scorpion but do no damage.
The scorpion stings you but does no damage.
The scorpion misses you. You furiously retaliate!
You headbutt the scorpion, but do no damage.
The scorpion closely misses you.
You see here a ring of fire.
The scorpion stings you.
You are lethally poisoned!
The scorpion poisons you!
* * * LOW HITPOINT WARNING * * *
You feel very sick.
* * * LOW HITPOINT WARNING * * *
You feel very sick.
You die...

*,* *,******,,,,,,,,,,*
*,* *,* *,,,,,,**,*****
*,* *,* *,***,***,* *,*
***,***,**,*,**,* *
*,****,,,<,,,,,***,,,*
*
*,,,,,,*^***,**,*,*****
*
*****##,*,##,***,,,,,,*
* #.###.#,* ******,* *
*#.#@#*,* *,* *
*#.##*,* *,* * #s# *,*
*,* # #.# *,********,*
# #.# *,**,,,,,,,* #
########=# *,**,*******
* #........# *,**,* *
#.######## *,**,* ####
#.# *,**,*


You could see a scorpion.

Vanquished Creatures
  A shadow imp (D:5)
1 creature vanquished.

Notes
Turn   | Place    | Note
-------+----------+-------------------------------------------
     0 | D:5      | cbfl8 the Minotaur Delver began the quest for the Orb.
     0 | D:5      | Reached XP level 1. HP: 19/19 MP: 0/0
    49 | D:5      | Noticed a scorpion
    69 | D:5      | HP: 1/20 [poisoned by a scorpion]
    70 | D:5      | Succumbed to a scorpion's poison

Illustrated notes

Levels and vault maps discovered:
D:5:      layout_loops_ring

Action                   || total
-------------------------++-------
Melee: Hand axe          ||     3
  Use: Scroll            ||     1
Armor: Leather armour    ||     2
Dodge: Dodged            ||     5
